 Dungeon Crawl Stone Soup version 0.29.0-4-gdea44cf6ec (webtiles) character file.

Game seed: 4669415309342701793

4053 qw the Cleaver (level 10, -1/89 HPs)
             Began as a Minotaur Fighter on Sept 6, 2022.
             Was an Initiate of Ru.
             Succumbed to Amaemon's poison
             ... on level 8 of the Dungeon.
             The game lasted 00:03:29 (7799 turns).

qw the Cleaver (Minotaur Fighter)                   Turns: 7799, Time: 00:03:30

Health: -1/89      AC: 12    Str: 24    XL:     10   Next: 4%
Magic:  9/9        EV:  8    Int:  9    God:    Ru [......]
Gold:   456        SH:  5    Dex:  9    Spells: 9/9 levels left

rFire   . . .      SeeInvis +   Y - +1 war axe (vorpal)
rCold   . . .      Faith    .   c - +0 buckler
rNeg    . . .      Spirit   .   o - +0 chain mail
rPois   .          Reflect  .   (helmet restricted)
rElec   .          Harm     .   h - +0 cloak
rCorr   .          Rampage  .   (no gloves)
Will    .....                   p - +0 pair of boots
Stlth   ..........              q - amulet of regeneration
HPRegen 1.04/turn               v - ring of see invisible
MPRegen 0.11/turn               (no ring)

@: lethally poisoned (-1 -> -23), about to teleport
A: horns 2, retaliatory headbutt, clever 1
a: Renounce Religion


You were on level 8 of the Dungeon.
You worshipped Ru.
Ru was noncommittal.
You visited 2 branches of the dungeon, and saw 9 of its levels.
You also visited: Sewer.

You collected 456 gold pieces.


Innate Abilities, Weirdness & Mutations

You have a pair of horns on your head.
You reflexively headbutt those who attack you in melee.
Your mind is acute. (Int +4, Str/Dex -1)


   Skills:
 - Level 8.3 Fighting
 + Level 13.1 Axes
 - Level 3.6 Throwing
 - Level 6.0 Armour
 - Level 2.4 Dodging
 - Level 5.7 Shields


You had 9 spell levels left.
You didn't know any spells.
Your spell library was empty.

Inventory:

Hand Weapons
 r - a +0 flail
 Y - a +1 vorpal war axe (weapon)
Missiles
 t - 4 boomerangs (quivered)
 u - a silver javelin
Armour
 c - a +0 buckler (worn)
 h - a +0 cloak (worn)
 o - a +0 chain mail (worn)
 p - a +0 pair of boots (worn)
Jewellery
 j - a ring of ice
 k - a ring of see invisible
 q - an amulet of regeneration (around neck)
 v - a ring of see invisible (left hand)
Scrolls
 a - 2 scrolls of teleportation
 l - a scroll of identify
Potions
 d - 2 potions of might
 e - a potion of resistance
 f - 3 potions of haste
 g - 2 potions of curing
 i - 3 potions of mutation
 m - a potion of cancellation
 s - a potion of berserk rage {unknown}

Dungeon Overview and Level Annotations

Branches:
Dungeon (8/15)             Temple (1/1) D:7           Sewer (visited)
   Lair: D:8-11

Altars:
Ashenzari
Dithmenos
Fedhas
Hepliaklqana
Kikubaaqudgha
Makhleb
Qazlal
Ru
Zin
The Shining One

Annotations:
D:8 Amaemon


Message History

The scorpion is almost dead.
You hit Amaemon. You slash the scorpion!
You kill the scorpion!
The scorpion's corpse disappears in a puff of smoke!
You feel very sick. The scorpion barely misses you. You furiously retaliate!
You headbutt the scorpion!
You kill the scorpion!
The scorpion's corpse disappears in a puff of smoke!
The orange demon stings you but does no damage.
Amaemon points at the orange demon and mumbles some strange words.
The orange demon seems to grow toxic.
You completely miss Amaemon. Your headbutt misses Amaemon.
Amaemon is heavily wounded.
You feel very sick.
Amaemon hits you with a +0 demon whip of venom!
You are lethally poisoned!
Amaemon barely misses you. You block Amaemon's attack.
The orange demon stings you but does no damage.
7796 ||| READING 3 scrolls of teleportation.
As you read the scroll of teleportation, it crumbles to dust.
You feel strangely unstable.
You feel extremely sick. Amaemon barely misses you.
Amaemon claws you but does no damage. You block Amaemon's attack.
The orange demon stings you from afar.
7797 ||| DRINKING potion of heal wounds.
You feel much better.
You feel extremely sick.
The orange demon stings you but does no damage.
Amaemon hits you with a +0 demon whip of venom.
You are more poisoned.
Amaemon claws you but does no damage. Amaemon tail-slaps you.
You barely miss Amaemon. You headbutt Amaemon.
Amaemon is heavily wounded.
You feel extremely sick. You block the orange demon's attack.
Amaemon closely misses you. Amaemon claws you but does no damage.
Amaemon closely misses you.
You hit Amaemon. You headbutt Amaemon.
Amaemon is heavily wounded.
You die...

#####..................
#......................
#...........###........
#...:.....).# #........
#......###)## #........
#......###'####.......
#......#......#.......
##.....#...)..........
#.....#......@6......
####.....)......#.......
................#.4.....
..........#.....#.......
.......#..#.....#.......
.......#.#......#.......
.....#...#......#.......
...).#..#...#####.......
....[...#.#.#


You could see Amaemon and an orange demon (curare).

Vanquished Creatures
  A cyclops (D:7)
  Joseph (D:8)
  A wyvern (D:7)
  3 steam dragons
  Duvessa (D:5)
  A water moccasin (D:6)
  An ice beast (D:4)
  4 ogres
  A phantom (D:4)
  Blork the orc (D:5)
  3 kobold brigands (Sewer)
  2 bullfrogs
  6 scorpions
  Dowan (D:5)
  6 howler monkeys
  2 jellies (D:5)
  7 orc priests
  2 hounds
  3 gnoll boudas
  2 iguanas
  Terence (D:2)
  6 orc wizards
  11 adders
  13 gnolls
  4 river rats (Sewer)
  A shadow imp (D:7)
  2 white imps
  5 ufetubi
  2 worms (D:2)
  3 dart slugs (D:1)
  27 orcs
  7 bats
  10 endoplasms
  2 giant cockroaches (D:2)
  9 goblins
  13 hobgoblins
  11 jackals
  3 quokkas
  10 ball pythons
  7 frilled lizards
  21 kobolds
  21 rats
238 creatures vanquished.

Notes
Turn   | Place    | Note
-------+----------+-------------------------------------------
     0 | D:1      | qw the Minotaur Fighter began the quest for the Orb.
     0 | D:1      | Reached XP level 1. HP: 19/19 MP: 0/0
     0 | D:1      | 0 ||| qw: Version: 0.1-a-108-g9e35731
     0 | D:1      | 0 ||| qw: Game counter: 6245
     0 | D:1      | 0 ||| qw: Always use a shield: true
     0 | D:1      | 0 ||| qw: God list: Ru
     0 | D:1      | 0 ||| qw: Allow faded altars: false
     0 | D:1      | 0 ||| qw: Do Orc after D:15 true
     0 | D:1      | 0 ||| qw: Do second Lair branch before Depths: true
     0 | D:1      | 0 ||| qw: Lair rune preference: random
     0 | D:1      | 0 ||| qw: Plans: Normal
     0 | D:1      | 0 ||| PLANNING D:1-11
    14 | D:1      | 14 ||| Stepping ~*~*~tactically~*~*~ (stealth).
    21 | D:1      | HP: 3/19 [frozen (5)]
    95 | D:1      | Reached skill level 3 in Axes
   325 | D:1      | Reached XP level 2. HP: 26/26 MP: 1/1
   470 | D:1      | Reached skill level 4 in Axes
   626 | D:1      | Reached XP level 3. HP: 27/31 MP: 2/2
   682 | D:1      | 682 ||| Stepping ~*~*~tactically~*~*~ (stealth).
   686 | D:1      | 686 ||| Stepping ~*~*~tactically~*~*~ (stealth).
   716 | D:1      | 716 ||| Stepping ~*~*~tactically~*~*~ (stealth).
   718 | D:1      | 718 ||| Stepping ~*~*~tactically~*~*~ (hiding).
   733 | D:1      | 733 ||| Stepping ~*~*~tactically~*~*~ (stealth).
   735 | D:1      | 735 ||| Stepping ~*~*~tactically~*~*~ (stealth).
   852 | D:1      | 852 ||| Stepping ~*~*~tactically~*~*~ (hiding).
  1029 | D:1      | 1029 ||| DROPPING ring of flight.
  1030 | D:1      | 1030 ||| READING scroll labelled OLETEA ZIMUYF.
  1031 | D:1      | 1031 ||| READING scroll labelled RAMEOR GITZIE.
  1032 | D:1      | 1032 ||| DRINKING 2 bubbling clear potions.
  1069 | D:2      | Reached skill level 5 in Axes
  1159 | D:2      | Noticed Terence
  1161 | D:2      | 1161 ||| Stepping ~*~*~tactically~*~*~ (stealth).
  1166 | D:2      | Reached skill level 1 in Dodging
  1166 | D:2      | Reached XP level 4. HP: 39/39 MP: 3/3
  1173 | D:2      | Killed Terence
  1313 | D:2      | 1313 ||| Stepping ~*~*~tactically~*~*~ (stealth).
  1643 | D:2      | Reached skill level 6 in Axes
  1995 | D:2      | 1995 ||| DROPPING orb of light.
  1996 | D:2      | 1996 ||| READING scroll labelled AKLANL LYERUPLAG.
  1997 | D:2      | 1997 ||| READING scroll labelled RURIGO JIGAMP.
  2001 | D:2      | 2001 ||| READING scroll labelled COGGUA OLIAGY.
  2002 | D:2      | 2002 ||| DRINKING 2 blue potions.
  2002 | D:2      | Gained mutation: Your mind is acute. (Int +4, Str/Dex -1)
                  | [potion of mutation]
  2003 | D:2      | 2003 ||| READING 2 scrolls of identify.
  2003 | D:2      | 2003 ||| IDENTIFYING fizzy silvery potion
  2004 | D:2      | 2004 ||| DROPPING potion of magic.
  2116 | D:3      | Reached XP level 5. HP: 45/45 MP: 4/4
  2163 | D:3      | HP: 10/45 [poisoned by an orc wizard]
  2166 | D:3      | HP: 4/45 [poisoned by an orc wizard]
  2169 | D:3      | 2169 ||| DRINKING potion of curing.
  2169 | D:3      | 2169 ||| (to cure poison)
  2773 | D:3      | 2773 ||| READING scroll labelled GEARIODECUO.
  2874 | D:3      | 2874 ||| DRINKING 2 orange potions.
  2975 | D:3      | 2975 ||| READING 3 scrolls of identify.
  2975 | D:3      | 2975 ||| IDENTIFYING dark potion
  2976 | D:3      | 2976 ||| READING 2 scrolls of identify.
  2976 | D:3      | 2976 ||| IDENTIFYING golden potion
  2977 | D:3      | 2977 ||| DROPPING potion of attraction.
  2978 | D:3      | 2978 ||| DROPPING potion of lignification.
  2979 | D:3      | 2979 ||| DROPPING potion of ambrosia.
  3018 | D:4      | 3018 ||| PLANNING SEWER
  3056 | D:4      | Reached skill level 7 in Axes
  3056 | D:4      | Reached XP level 6. HP: 38/51 MP: 5/5
  3215 | D:4      | Reached skill level 1 in Throwing
  3309 | D:4      | 3309 ||| Stepping ~*~*~tactically~*~*~ (stealth).
  3312 | D:4      | 3312 ||| Stepping ~*~*~tactically~*~*~ (stealth).
  3312 | D:4      | Found a glowing drain.
  3377 | D:4      | Reached skill level 8 in Axes
  3391 | Sewer    | Entered a sewer
  3444 | Sewer    | Reached XP level 7. HP: 59/60 MP: 6/6
  3578 | Sewer    | 3578 ||| Stepping ~*~*~tactically~*~*~ (water).
  3594 | Sewer    | 3594 ||| Stepping ~*~*~tactically~*~*~ (stealth).
  3626 | Sewer    | Reached skill level 9 in Axes
  4116 | Sewer    | 4116 ||| READING scroll labelled QENNOL JUAX.
  4117 | Sewer    | 4117 ||| DRINKING 2 smoky amethyst potions.
  4118 | Sewer    | 4118 ||| DRINKING 2 silvery potions.
  4144 | D:4      | 4144 ||| PLANNING D:1-11
  4682 | D:4      | Found a glowing silver altar of Zin.
  4805 | D:4      | 4805 ||| UPGRADING to +0 pair of boots.
  4810 | D:4      | 4810 ||| UPGRADING to amulet of regeneration.
  4815 | D:4      | 4815 ||| READING 2 scrolls of identify.
  4815 | D:4      | 4815 ||| IDENTIFYING bubbling silvery potion
  4836 | D:5      | Entered Level 5 of the Dungeon
  4837 | D:5      | 4837 ||| STAIRDANCE
  4850 | D:4      | 4850 ||| DROPPING +0 whip.
  4947 | D:5      | Reached XP level 8. HP: 69/69 MP: 7/7
  5025 | D:5      | Reached skill level 10 in Axes
  5147 | D:5      | Reached skill level 6 in Fighting
  5437 | D:5      | Noticed Blork the orc
  5440 | D:5      | 5440 ||| Stepping ~*~*~tactically~*~*~ (hiding).
  5446 | D:5      | Killed Blork the orc
  5484 | D:5      | Noticed Duvessa
  5484 | D:5      | Noticed Dowan
  5485 | D:5      | 5485 ||| Stepping ~*~*~tactically~*~*~ (hiding).
  5498 | D:5      | Killed Duvessa
  5499 | D:5      | Reached skill level 11 in Axes
  5508 | D:5      | Killed Dowan
  5726 | D:5      | 5726 ||| UPGRADING to +0 cloak.
  5731 | D:5      | 5731 ||| DROPPING ring of magical power.
  5732 | D:5      | 5732 ||| UPGRADING to ring of see invisible.
  5733 | D:5      | 5733 ||| READING scroll labelled USUX ZAHOHE.
  5734 | D:5      | 5734 ||| READING scroll labelled KAURHOQUTUH.
  5735 | D:5      | 5735 ||| DRINKING 2 grey potions.
  5836 | D:6      | 5836 ||| Stepping ~*~*~tactically~*~*~ (stealth).
  5847 | D:6      | 5847 ||| Stepping ~*~*~tactically~*~*~ (stealth).
  5942 | D:6      | Reached skill level 3 in Throwing
  5942 | D:6      | Reached XP level 9. HP: 68/75 MP: 8/8
  5947 | D:6      | Reached skill level 12 in Axes
  6112 | D:6      | 6112 ||| Stepping ~*~*~tactically~*~*~ (stealth).
  6142 | D:6      | 6142 ||| Stepping ~*~*~tactically~*~*~ (stealth).
  6143 | D:6      | 6143 ||| Stepping ~*~*~tactically~*~*~ (stealth).
  6145 | D:6      | 6145 ||| Stepping ~*~*~tactically~*~*~ (stealth).
  6147 | D:6      | 6147 ||| Stepping ~*~*~tactically~*~*~ (stealth).
  6311 | D:6      | 6311 ||| Stepping ~*~*~tactically~*~*~ (hiding).
  6320 | D:6      | HP: 14/79 [orc priest/divine providence (16)]
  6321 | D:6      | 6321 ||| READING 4 scrolls of teleportation.
  6322 | D:6      | 6322 ||| DRINKING 2 potions of heal wounds.
  6387 | D:6      | 6387 ||| Stepping ~*~*~tactically~*~*~ (hiding).
  6519 | D:6      | 6519 ||| READING 3 scrolls of identify.
  6519 | D:6      | 6519 ||| IDENTIFYING yellow potion
  6520 | D:6      | 6520 ||| READING 2 scrolls of identify.
  6520 | D:6      | 6520 ||| IDENTIFYING inky potion
  6521 | D:6      | 6521 ||| DROPPING potion of degeneration.
  6522 | D:6      | 6522 ||| DROPPING potion of brilliance.
  6572 | D:7      | 6572 ||| Stepping ~*~*~tactically~*~*~ (cloud).
  6574 | D:7      | 6574 ||| Stepping ~*~*~tactically~*~*~ (cloud).
  6669 | D:7      | 6669 ||| Stepping ~*~*~tactically~*~*~ (stealth).
  6679 | D:7      | 6679 ||| DRINKING 2 potions of curing.
  6679 | D:7      | 6679 ||| (to cure confusion)
  6708 | D:7      | Found an ancient bone altar of Kikubaaqudgha.
  6710 | D:7      | Found a burning altar of Makhleb.
  6769 | D:7      | 6769 ||| Stepping ~*~*~tactically~*~*~ (stealth).
  6788 | D:7      | 6788 ||| Stepping ~*~*~tactically~*~*~ (stealth).
  6793 | D:7      | Reached skill level 13 in Axes
  6933 | D:7      | 6933 ||| Stepping ~*~*~tactically~*~*~ (stealth).
  6962 | D:7      | Found a staircase to the Ecumenical Temple.
  6963 | D:7      | 6963 ||| PLANNING TEMPLE
  6963 | D:7      | 6963 ||| UPGRADING to +0 chain mail.
  6973 | D:7      | 6973 ||| DROPPING +0 scale mail.
  6979 | Temple   | Entered the Ecumenical Temple
  7028 | Temple   | Became a worshipper of Ru the Awakened
  7063 | Temple   | 7063 ||| PLANNING D:1-11
  7198 | D:7      | Noticed a cyclops
  7208 | D:7      | Killed a cyclops
  7209 | D:7      | Reached skill level 6 in Armour
  7320 | D:7      | 7320 ||| FLEEEEING.
  7321 | D:7      | 7321 ||| FLEEEEING.
  7328 | D:7      | 7328 ||| FLEEEEING.
  7333 | D:7      | 7333 ||| FLEEEEING.
  7334 | D:7      | 7334 ||| FLEEEEING.
  7335 | D:7      | 7335 ||| FLEEEEING.
  7337 | D:7      | 7337 ||| FLEEEEING.
  7632 | D:8      | Noticed Joseph
  7633 | D:8      | 7633 ||| Stepping ~*~*~tactically~*~*~ (hiding).
  7642 | D:8      | Killed Joseph
  7643 | D:8      | Reached XP level 10. HP: 74/89 MP: 9/9
  7665 | D:8      | 7665 ||| Stepping ~*~*~tactically~*~*~ (hiding).
  7667 | D:8      | 7667 ||| Stepping ~*~*~tactically~*~*~ (stealth).
  7669 | D:8      | 7669 ||| Stepping ~*~*~tactically~*~*~ (hiding).
  7670 | D:8      | 7670 ||| Stepping ~*~*~tactically~*~*~ (hiding).
  7672 | D:8      | 7672 ||| Stepping ~*~*~tactically~*~*~ (hiding).
  7690 | D:8      | 7690 ||| FLEEEEING.
  7691 | D:8      | 7691 ||| FLEEEEING.
  7692 | D:8      | 7692 ||| FLEEEEING.
  7693 | D:8      | 7693 ||| FLEEEEING.
  7694 | D:8      | 7694 ||| FLEEEEING.
  7695 | D:8      | 7695 ||| FLEEEEING.
  7696 | D:8      | 7696 ||| FLEEEEING.
  7697 | D:8      | 7697 ||| FLEEEEING.
  7698 | D:8      | 7698 ||| FLEEEEING.
  7699 | D:8      | 7699 ||| FLEEEEING.
  7700 | D:8      | 7700 ||| FLEEEEING.
  7701 | D:8      | 7701 ||| FLEEEEING.
  7777 | D:8      | Noticed Amaemon
  7777 | D:8      | Noticed an orange demon
  7778 | D:8      | 7778 ||| Stepping ~*~*~tactically~*~*~ (hiding).
  7795 | D:8      | HP: 13/89 [Amaemon/+0 demon whip of venom (11)]
  7796 | D:8      | 7796 ||| READING 3 scrolls of teleportation.
  7796 | D:8      | HP: 4/89 [poisoned by Amaemon]
  7796 | D:8      | HP: 1/89 [orange demon[Amaemon] (3)]
  7797 | D:8      | 7797 ||| DRINKING potion of heal wounds.
  7799 | D:8      | Succumbed to Amaemon's poison

Levels and vault maps discovered:
D:1:      lemuel_arrival_cross, layout_rooms, minmay_domino_4
D:2:      layout_basic, uniq_terence
D:3:      layout_basic, minmay_misc_feat_more_columns, kennysheep_generic_room_3
D:4:      layout_loops_ring, zin_academy, cheibrodos_sewer_entry_sluice
D:5:      layout_basic, uniq_blork_the_orc, uniq_duvessa
D:6:      layout_basic
D:7:      layout_gridville, jmf_multi_god_temple, minmay_temple_entry_waves,
          reono_crystal_passage, minmay_strange_pillars
D:8:      layout_basic, serial_shops, nicolae_shop_bloodbath_and_beyond,
          minivault_19, hangedman_decor_peaks_small, eino_jars, uniq_joseph,
          uniq_grum, uniq_amaemon
Temple:   dpeg_five_rooms_temple

Skill      XL: |  1  2  3  4  5  6  7  8  9 |
---------------+----------------------------+-----
Axes           | 3 4 5 6 7 8 9 11 13 | 13.1
Dodging        | 1 2 |  2.4
Throwing       | 1 2 3 |  3.6
Fighting       | 4 5 6 8 |  8.3
Shields        | 4 5 |  5.7
Armour         | 6 |  6.0

Action                   |  1- 3 |  4- 6 |  7- 9 | 10-12 || total
-------------------------+-------+-------+-------+-------++-------
Melee: War axe           |    68 |   113 |   300 |    25 ||   506
       Headbutt          |    10 |    11 |    49 |     6 ||    76
Throw: Boomerang         |       |     4 |    12 |     3 ||    19
       Javelin           |       |     9 |    38 |     1 ||    48
  Use: Scroll            |     2 |     7 |     7 |     1 ||    17
       Potion            |     1 |     3 |     5 |     1 ||    10
Armor: Scale mail        |    25 |    30 |    84 |       ||   139
       Chain mail        |       |       |    10 |    25 ||    35
Dodge: Dodged            |    34 |    40 |   112 |    19 ||   205
Block: Buckler           |    10 |    22 |    42 |     8 ||    82

Table legend:
 A = Non-vault XP
 B = Vault XP
 C = Vault XP percentage of total XP
 D = Non-vault monster count
 E = Vault monster count
 F = Vault count percentage of total count
                 A         B        C        D         E       F
            +---------+---------+-------+---------+---------+-------
      Total |    4469 |    1322 |  22.8 |     182 |      56 |  23.5
            +---------+---------+-------+---------+---------+-------
        D:1 |      60 |       6 |   9.1 |      33 |       3 |   8.3
        D:2 |      83 |      36 |  30.3 |      24 |       1 |   4.0
        D:3 |     110 |       0 |   0.0 |      15 |       0 |   0.0
        D:4 |     549 |       5 |   0.9 |      27 |       3 |  10.0
        D:5 |     788 |     316 |  28.6 |      20 |       3 |  13.0
        D:6 |     987 |       0 |   0.0 |      25 |       0 |   0.0
        D:7 |    1673 |      90 |   5.1 |      30 |       2 |   6.2
        D:8 |     219 |     450 |  67.3 |       8 |       1 |  11.1
      Sewer |       0 |     419 | 100.0 |       0 |      43 | 100.0
            +---------+---------+-------+---------+---------+-------
